 Dungeon Crawl Stone Soup version 0.30.1-9-gdf580d7c3d (webtiles) character file.

Game seed: 4749256735027047292

54 monsoonserge the Ducker (level 3, 0/28 HPs)
             Began as a Merfolk Gladiator on Oct 3, 2023.
             Killed from afar by Natasha (5 damage)
             ... with a magic dart
             ... on level 3 of the Dungeon.
             The game lasted 00:03:38 (1365 turns).

monsoonserge the Ducker (Merfolk Gladiator)         Turns: 1365, Time: 00:03:40

Health: 0/28       AC:  7    Str: 14    XL:     3   Next: 91%
Magic:  3/3        EV: 11    Int:  7    God:
Gold:   127        SH:  0    Dex: 17    Spells: 2/2 levels left

rFire   . . .        a - +0 long sword
rCold   + . .        (no shield)
rNeg    . . .        t - +0 scale mail
rPois   +            c - +0 helmet
rElec   .            (no cloak)
rCorr   .            (no gloves)
SInv    .            (no boots)
Will    .....        (no amulet) Stlth
                     h - ring of protection from cold
HPRegen 0.24/turn    j - ring of poison resistance
MPRegen 0.08/turn

%: no passive effects
@: slowed, very slow
A: (nimble swimmer 2), mertail
a: no special abilities


You were on level 3 of the Dungeon.
You visited 1 branch of the dungeon, and saw 3 of its levels.

You collected 127 gold pieces.

Inventory:

Hand Weapons
 a - a +0 long sword (weapon)
Missiles
 d - 5 throwing nets (quivered)
 e - a javelin
Armour
 b - a +0 leather armour
 c - a +0 helmet (worn)
 t - a +0 scale mail (worn)
Jewellery
 h - a ring of protection from cold (left hand)
 j - a ring of poison resistance (right hand)
Scrolls
 f - 4 scrolls of identify {unknown}
 k - a scroll of noise {unknown}
 m - 5 scrolls of teleportation {unknown}
 n - a scroll of torment {unknown}
 q - a scroll of immolation {unknown}
 s - a scroll of fear {unknown}
Potions
 g - a potion of lignification {unknown}
 i - 2 potions of heal wounds {unknown}
 l - a potion of flight {unknown}
 o - a potion of haste {unknown}
 p - 2 potions of curing {unknown}
 r - a potion of degeneration {unknown}


   Skills:
 + Level 2.6 Fighting
 + Level 4.3 Long Blades
 + Level 2.4 Throwing
 + Level 0.6 Armour
 + Level 4.7 Dodging


You had 2 spell levels left.
You didn't know any spells.
Your spell library contained the following spells:

 Spells                   Type           Power      Damage    Failure   Level
 Magic Dart               Conj           0%         1d3       91%         1
 Call Imp                 Summ           0%         N/A       97%         2
 Mephitic Cloud           Conj/Pois/Air  0%         N/A       99%         3


Dungeon Overview and Level Annotations

Branches:
Dungeon (3/15)

Altars:

Annotations:
D:3 1 runed translucent door, Crazy Yiuf, Natasha


Innate Abilities, Weirdness & Mutations

((You are very nimble when in or above water. (Stealth+, EV+, Speed+++)))
Your lower body shifts to a powerful aquatic tail in water.


Message History

You closely miss Natasha.
Natasha is moderately wounded.
Natasha mumbles some strange words.
Natasha claws you.
You hit Natasha.
Natasha is heavily wounded.
Natasha claws you.
The cerulean imp hits you but does no damage.
You barely miss Natasha.
Natasha is heavily wounded.
Natasha casts a spell.
The cerulean imp hits you but does no damage.
Natasha closely misses you. The cerulean imp barely misses you.
You barely miss Natasha.
Natasha is heavily wounded.
Natasha claws you!
The cerulean imp hits you but does no damage.
The cerulean imp misses you. Natasha claws you.
The cerulean imp hits you with a +0 spear.
You barely miss Natasha.
Natasha is heavily wounded.
The cerulean imp hits you with a +2 spear.
Natasha misses you.
The cerulean imp hits you but does no damage. x2
Natasha casts a spell.
The cerulean imp hits you but does no damage.
You hit Natasha.
Natasha is heavily wounded.
The cerulean imp hits you but does no damage.
Natasha claws you. The cerulean imp barely misses you.
The cerulean imp hits you but does no damage. x2
Natasha claws you. The cerulean imp closely misses you.
Unknown command.
You hit Natasha.
Natasha is severely wounded.
The cerulean imp hits you with a +2 spear. x2
* * * LOW HITPOINT WARNING * * *
Natasha casts a spell at you. The magic dart hits you.
You die...

### ..## ...######
........################
....###........5.5...$..
......###......5@h......
..........##############
...##..###...#######
######...##.).......
#####.....####### ... ##
#...........# .. .
.###.######....###
.####.. .....# ##.....#
##...... .#####
##.#..###.....#


You could see Natasha and 3 cerulean imps.

Vanquished Creatures
  3 adders
  An orc (D:3)
  4 endoplasms (D:1)
  3 giant cockroaches
  A goblin (D:2)
  A hobgoblin (D:3)
  2 kobolds (D:1)
  A quokka (D:1)
  4 ball pythons
  2 bats (D:1)
  5 frilled lizards
  A rat (D:1)
28 creatures vanquished.

Notes
Turn   | Place    | Note
-------+----------+-------------------------------------------
     0 | D:1      | monsoonserge the Merfolk Gladiator began the quest for the
                  | Orb.
     0 | D:1      | Reached XP level 1. HP: 16/16 MP: 1/1
   156 | D:1      | Found a faded altar of an unknown god.
   338 | D:1      | Reached XP level 2. HP: 22/22 MP: 2/2
   956 | D:2      | Reached XP level 3. HP: 28/28 MP: 3/3
  1134 | D:3      | Found a runed translucent door.
  1135 | D:3      | Noticed Crazy Yiuf
  1353 | D:3      | Noticed Natasha
  1365 | D:3      | Killed from afar by Natasha

Illustrated notes

Levels and vault maps discovered:
D:1:      dpeg_arrival_court, layout_basic,
          hellmonk_ecumenical_altar_pennies_from_heaven
D:2:      layout_basic
D:3:      layout_rooms, uniq_natasha, uniq_crazy_yiuf_cottage

Skill      XL: |  1  2 |
---------------+-------+-----
Long Blades    | 4 |  4.3
Fighting       | |  2.6
Throwing       | |  2.4
Armour         | |  0.6
Dodging        | |  4.7

Action                     || total
---------------------------++-------
  Melee: Long sword        ||    81
         Punch             ||     2
   Stab: Sleeping          ||     1
 Armour: Leather armour    ||    22
         Scale mail        ||    15
  Dodge: Dodged            ||    57
